 Dungeon Crawl Stone Soup version 0.19.5 (webtiles) character file.

981 Santreim the Conjurer (level 7, 0/36 HPs)
             Began as a Deep Elf Conjurer on Mar 7, 2017.
             Slain by Pikel
             ... wielding a +2 whip of freezing
              (10 damage)
             ... on level 4 of the Dungeon.
             The game lasted 00:26:08 (4173 turns).

Santreim the Conjurer (Deep Elf Conjurer)           Turns: 4173, Time: 00:26:09

Health: 0/36       AC:  4    Str:  5    XL:     7   Next: 96%
Magic:  4/18       EV: 15    Int: 22    God:
Gold:   146        SH:  0    Dex: 15    Spells: 5 memorised, 2 levels left

rFire  . . .     SeeInvis .     q - +2 quarterstaff (chaos)
rCold  . . .     Gourm    .     w - +0 robe
rNeg   . . .     Faith    .     (shield currently unavailable)
rPois  .         Spirit   .     v - +0 helmet
rElec  .         Reflect  .     E - +0 cloak
rCorr  .         Harm     .     (no gloves)
MR     .....                    (no boots)
Stlth  +++.......               (no amulet)
                                (no ring)
                                C - ring of wizardry

@: no status effects
A: no striking features
a: no special abilities


You were on level 4 of the Dungeon.
You were not hungry.

You visited 1 branch of the dungeon, and saw 4 of its levels.

You collected 146 gold pieces.

Inventory:

Hand Weapons
 e - a +0 short sword
 h - a +0 hunting sling (quivered)
 m - a +0 scythe
 p - a +0 dagger
 q - a +2 quarterstaff of chaos (weapon)
 t - a +0 whip
 u - a cursed -3 hand axe
 x - a +0 dagger of electrocution
 D - a +1 halberd of chopping
 H - a +4 dire flail of holy wrath
Missiles
 j - 166 stones
 A - 4 tomahawks of returning
Armour
 a - a +0 robe
 f - a +0 robe
 n - a +0 robe
 r - a +0 animal skin
 s - a +0 helmet
 v - a +0 helmet (worn)
 w - a +0 robe (worn)
 E - a +0 cloak (worn)
Jewellery
 C - a ring of wizardry (left hand)
Wands
 k - a wand of iceblast (11/15)
Scrolls
 d - a scroll of blinking
 g - 3 scrolls of identify
 l - 2 scrolls of fear {unknown}
 y - a scroll of magic mapping {unknown}
 z - a scroll of remove curse {unknown}
 J - a scroll of immolation {unknown}
Potions
 i - a potion of beneficial mutation {unknown}
 B - 2 potions of degeneration {unknown}
 F - a potion of curing {unknown}
 G - a potion of brilliance {unknown}
Books
 b - a book of Conjurations

   Spells                             Type                      Level
   a - Magic Dart                     Conjuration                  1
   b - Searing Ray                    Conjuration                  2
   c - Dazzling Spray                 Conjuration/Hexes            3
   d - Fulminant Prism                Conjuration/Hexes            4
   e - Iskenderun's Mystic Blast      Conjuration                  4
   f - Iskenderun's Battlesphere      Conjuration/Charms           5
Comestibles
 c - a bread ration
 o - 4 beef jerkies
 I - a meat ration


   Skills:
 + Level 5.5 Dodging
 + Level 5.7 Stealth
 + Level 6.0 Spellcasting
 + Level 7.7 Conjurations


You had 2 spell levels left.
You knew the following spells:

 Your Spells              Type           Power        Failure   Level  Hunger
a - Magic Dart            Conj           ####         1%          1    None
b - Searing Ray           Conj           #####.       1%          2    None
c - Iskenderun's Mystic   Conj           #####...     1%          4    ###....
d - Iskenderun's Battles  Conj/Chrm      ###.....     32%         5    #####..
e - Fulminant Prism       Conj/Hex       ###.......   9%          4    ###....


Dungeon Overview and Level Annotations

Branches:
Dungeon (4/15)
 Temple: D:4-7

Altars:
Dithmenos
Makhleb
Nemelex Xobeh
Zin

Annotations:
D:4 Pikel


Message History

The frilled lizard hisses.
You completely miss Pikel.
Pikel is severely wounded.
Pikel hits you with a whip of freezing.
* * * LOW HITPOINT WARNING * * *
Pikel freezes you.
* * * LOW HITPOINT WARNING * * *
Casting: Searing Ray
Confirm with . or Enter, or press ? or * to list all spells.
Aiming: Magic Dart
Press: ? - help, Shift-Dir - straight line, f/p - slave
Aim: a slave, wearing an animal skin (moderately wounded)
The magic dart hits Pikel.
Pikel is severely wounded.
Pikel misses you.
There is an open door here.
Pikel hits you but does no damage.
Pikel seems less drained.
Pikel hits you with a whip of freezing!
You die...

........####.#### #.........
................# ########.#...
#'#####......l..# #...# #.#
#.........# #.#...# #p#
#.........#### #.#...## #p#
######p.pp...# #.#..... #l.
#..####p##### #.#...#. #...
#.p#..K.....# #.##..#. ##...
#<...@......# #.#..... #
...#####+#.####......###.###.#.
# ...##......#
#......'.......#. #
...##......####.#....###.#####.
# #...........#....# #....... #
#.....#######....# #######. #
#..†..#######....# #. #
##<....#.......#### #. #
#......#.#####.# #)


You could see Pikel and 2 slaves.

Vanquished Creatures
  Grinder (D:3)
  Sigmund (D:2)
  Edmund (D:4)
  An ice beast (D:2)
  A slave (D:4)
  An ogre (D:4)
  Crazy Yiuf (D:4)
  A hound (D:4)
  An orc priest (D:3)
  An orc wizard (D:4)
  Ijyb (D:2)
  Robin (D:2)
  7 adders
  4 gnolls (D:3)
  3 worms
  A dart slug (D:1)
  4 leopard geckos
  9 orcs
  3 giant cockroaches
  12 goblins
  7 hobgoblins
  2 jackals (D:1)
  3 quokkas (D:2)
  3 ball pythons (D:3)
  3 bats
  4 frilled lizards
  6 kobolds
  5 rats
88 creatures vanquished.

Vanquished Creatures (others)
  4 fulminant prisms
4 creatures vanquished.

Grand Total: 92 creatures vanquished

Notes
Turn   | Place    | Note
-------+----------+-------------------------------------------
     0 | D:1      | Santreim the Deep Elf Conjurer began the quest for the Orb.
     0 | D:1      | Reached XP level 1. HP: 10/10 MP: 6/6
   213 | D:1      | Reached XP level 2. HP: 15/15 MP: 1/8
   497 | D:2      | Noticed Sigmund
   503 | D:1      | Learned a level 2 spell: Searing Ray
   517 | D:2      | Killed Sigmund
   517 | D:2      | Reached skill level 6 in Conjurations
   517 | D:2      | Reached XP level 3. HP: 13/19 MP: 0/10
   517 | D:2      | Reached XP level 4. HP: 17/24 MP: 0/11
   517 | D:2      | Reached XP level 5. HP: 20/28 MP: 0/12
   632 | D:2      | Noticed Ijyb
   646 | D:2      | Killed Ijyb
   669 | D:2      | Found a faded altar of an unknown god.
   884 | D:2      | Learned a level 4 spell: Iskenderun's Mystic Blast
   890 | D:2      | Learned a level 5 spell: Iskenderun's Battlesphere
   930 | D:2      | Noticed Robin
  1051 | D:2      | Killed Robin
  1442 | D:2      | Reached XP level 6. HP: 32/32 MP: 14/14
  1586 | D:2      | Noticed an ice beast
  1594 | D:2      | Killed an ice beast
  1945 | D:3      | Reached skill level 7 in Conjurations
  2455 | D:3      | Noticed Grinder
  2462 | D:3      | Killed Grinder
  2462 | D:3      | Reached skill level 5 in Spellcasting
  2462 | D:3      | Reached XP level 7. HP: 32/36 MP: 0/16
  2558 | D:3      | Learned a level 4 spell: Fulminant Prism
  2623 | D:3      | Found a sparkling altar of Nemelex Xobeh.
  2623 | D:3      | Found a glowing silver altar of Zin.
  2840 | D:3      | Found a shadowy altar of Dithmenos.
  3067 | D:3      | Reached skill level 5 in Stealth
  3334 | D:4      | Found a runed door.
  3338 | D:4      | Noticed Crazy Yiuf
  3344 | D:4      | HP: 1/36 [Crazy Yiuf/quarterstaff of chaos (10)]
  3356 | D:4      | Killed Crazy Yiuf
  3597 | D:4      | Reached skill level 5 in Dodging
  3672 | D:4      | Noticed Edmund
  3682 | D:4      | Killed Edmund
  4032 | D:4      | Found a burning altar of Makhleb.
  4135 | D:4      | Noticed Pikel
  4173 | D:4      | Slain by Pikel

Skill      XL: |  1  2  3  4  5  6  7 |
---------------+----------------------+-----
Stealth        | 3 4 5 |  5.7
Conjurations   | 6 7 |  7.7
Dodging        | 3 4 5 |  5.5
Spellcasting   | 4 5 6 |  6.0

Action                   |  1- 3 |  4- 6 |  7- 9 || total
-------------------------+-------+-------+-------++-------
Melee: Short sword       |       |    11 |       ||    11
       Scythe            |       |     8 |       ||     8
       Dagger            |       |     1 |     8 ||     9
       Quarterstaff      |       |       |    11 ||    11
 Cast: Magic Dart        |    23 |    96 |    51 ||   170
       Searing Ray       |     1 |     5 |     7 ||    13
       Iskenderun's Myst |       |     1 |     6 ||     7
       Fulminant Prism   |       |       |     4 ||     4
  Use: Scroll            |       |     1 |     3 ||     4
       Potion            |       |       |     1 ||     1
  Eat: Meat ration       |       |     1 |       ||     1
       Chunk             |       |       |     3 ||     3
       Royal jelly       |       |       |     1 ||     1
       Pizza             |       |       |     1 ||     1
Armor: Robe              |       |    17 |     1 ||    18
       Animal skin       |       |     1 |     5 ||     6
Dodge: Dodged            |     6 |    64 |    35 ||   105
